 Dungeon Crawl Stone Soup version 0.31-a0-446-g07c4bd200f (webtiles) character file.

Game seed: 17065503298289058922

138 Ethylacetat the Insei (level 5, -6/28 HPs)
             Began as a Vine Stalker Monk on Aug 3, 2023.
             Was a Believer of Uskayaw.
             Killed from afar by an orc wizard (9 damage)
             ... with a magic dart
             ... on level 3 of the Dungeon.
             The game lasted 00:03:28 (2433 turns).

Ethylacetat the Insei (Vine Stalker Monk)           Turns: 2433, Time: 00:03:29

Health: -6/28      AC:  2    Str: 14    XL:     5   Next: 21%
Magic:  0/9        EV: 13    Int: 10    God:    Uskayaw [**....]
Gold:   48         SH:  0    Dex: 18    Spells: 8/8 levels left

rFire   . . .        l - +3 dagger
rCold   . . .        (no shield)
rNeg    . . .        a - +0 robe
rPois   .            (helmet currently unavailable)
rElec   .            (cloak currently unavailable)
rCorr   .            (gloves currently unavailable)
SInv    .            (boots currently unavailable)
Will    .....        (no amulet)
Stlth   +            (no ring)
HPRegen 1.04/turn    (no ring)
MPRegen 0.11/turn

%: guardian spirit
@: confused, lethally poisoned (-6 -> -14), beast-form
A: beast (slay +1), fangs 2, regeneration 1, magic shield, antimagic bite, no
potion heal 2
a: Begin Untransformation, Renounce Religion, Stomp, Line Pass


You were on level 3 of the Dungeon.
You worshipped Uskayaw.
Uskayaw was noncommittal.
You were a hulking beast.
You visited 1 branch of the dungeon, and saw 3 of its levels.

You collected 81 gold pieces.
You spent 33 gold pieces at shops.

Inventory:

Hand Weapons
 l - a +3 dagger (weapon)
Armour
 a - a +0 robe (worn)
 c - an orb of light
Talismans
 e - a beast talisman (active)
Scrolls
 d - 2 scrolls of teleportation {unknown}
 f - a scroll of vulnerability {unknown}
 h - a scroll of fog {unknown}
 i - a scroll of poison {unknown}
 k - 2 scrolls of enchant weapon {unknown}
 n - a scroll of identify {unknown}
Potions
 b - a potion of ambrosia
 g - 2 potions of lignification
 j - a potion of curing {unknown}
 m - a potion of heal wounds {unknown}
 o - a potion of might {unknown}


   Skills:
 + Level 3.5 Fighting
 - Level 2.4 Dodging
 + Level 3.8 Unarmed Combat
 + Level 2.0 Spellcasting
 * Level 1.8 Shapeshifting


You had 8 spell levels left.
You didn't know any spells.
Your spell library contained the following spells:

 Spells                   Type           Power      Damage    Failure   Level
 Anguish                  Hex/Necr       0%         N/A       97%         4
 Cause Fear               Hex            0%         N/A       97%         4
 Enfeeble                 Hex            0%         N/A       100%        7


Dungeon Overview and Level Annotations

Branches:
Dungeon (3/15)

Altars:
Ru
Uskayaw
The Shining One

Shops:
D:3 !


Innate Abilities, Weirdness & Mutations

You are a hulking beast.
Your limbs bulge with bestial killing power. (Slay +1)
You have extremely sharp teeth.
Your natural rate of healing is unusually fast.
When hurt, damage is shared between your health and your magic reserves.
Your bite disrupts and absorbs the magic of your enemies.
Potions cannot restore your health.


Message History

There are monsters nearby!
You are too confused!
You are too confused!
You are too confused!
Unknown command.
You bump into the rock wall.
The orc wizard casts a spell.
The orc wizard flickers and vanishes!
Deactivating autopickup; reactivate with Ctrl-A.
The orc barely misses you. The orc misses you.
You puncture the orc!
You kill the orc!
Something hits you.
You are poisoned.
The orc hits you with a +0 dagger.
You miss the orc. Your bite misses the orc.
You feel very sick. The orc hits you with a +0 dagger. Something hits you.
The orc hits you with a +0 dagger.
You bump into the rock wall.
You feel sick. The orc closely misses you.
Something hits you but does no damage.
You are more poisoned.
The orc closely misses you.
You hit the orc. Your bite misses the orc.
The orc is almost dead.
You feel very sick. The orc hits you with a +0 dagger.
* * * LOW HITPOINT WARNING * * *
Something hits you.
You are lethally poisoned!
The orc hits you with a +0 dagger.
* * * LOW HITPOINT WARNING * * *
You hit the orc. You bite the orc.
You kill the orc!
* * * LOW HITPOINT WARNING * * *
You feel very sick.
You hear some strange, mumbled words.
A magic dart appears from out of thin air!
The magic dart hits you!
You die...

.... #... ## #.###...
#.## #. .....# #.# #.
#.###..#####.# #.
#............# #.
#####..####### #:
##...##
##o######.....##
#o{h).)........# #
#..o####.........####
#..... +$........+...
#.#... #.........###.
......_ ##.......##
#. ##.###. ##.....##
#. #. #. ##...## #. #
#. #+## #. #.


You could see 3 orcs.

Vanquished Creatures
  An orc wizard (D:3)
  2 adders
  A worm (D:3)
  4 dart slugs
  8 orcs (D:3)
  8 endoplasms
  A giant cockroach (D:2)
  3 goblins
  5 hobgoblins
  6 jackals
  8 kobolds
  3 quokkas
  7 ball pythons
  8 bats
  3 frilled lizards
  10 rats
78 creatures vanquished.

Notes
Turn   | Place    | Note
-------+----------+-------------------------------------------
     0 | D:1      | Ethylacetat the Vine Stalker Monk began the quest for the
                  | Orb.
     0 | D:1      | Reached XP level 1. HP: 11/11 MP: 2/2
    72 | D:1      | Reached XP level 2. HP: 12/16 MP: 0/4
    88 | D:1      | Reached skill level 1 in Spellcasting
   239 | D:1      | Reached XP level 3. HP: 17/20 MP: 3/5
   540 | D:1      | HP: 1/20 [frozen (2)]
  1131 | D:2      | Reached skill level 1 in Shapeshifting
  1131 | D:2      | Gained mutation: Your natural rate of healing is unusually
                  | fast. [Vine Stalker growth]
  1131 | D:2      | Reached XP level 4. HP: 21/24 MP: 7/7
  1374 | D:2      | Found a faded altar of an unknown god.
  1385 | D:2      | Prayed at the altar of an unknown god.
  1385 | D:2      | Became a worshipper of the Shining One
  1385 | D:2      | Reached * piety under the Shining One
  1385 | D:2      | Reached ** piety under the Shining One
  1939 | D:3      | Found Qafodo's Distillery.
  1944 | D:3      | Bought a potion of lignification for 33 gold pieces
  2161 | D:3      | Found a hide-covered altar of Uskayaw.
  2180 | D:3      | Fell from the grace of the Shining One
  2180 | D:3      | Became a worshipper of Uskayaw the Reveller
  2201 | D:3      | Reached XP level 5. HP: 27/28 MP: 6/8
  2230 | D:3      | Reached * piety under Uskayaw
  2421 | D:3      | Found a sacrificial altar of Ru.
  2426 | D:3      | Reached ** piety under Uskayaw
  2433 | D:3      | Killed from afar by an orc wizard

Illustrated notes

Levels and vault maps discovered:
D:1:      dpeg_arrival_ratfight, layout_loops_ring
D:2:      minmay_angry_zag, layout_basic,
          shapermc_ecumenical_altar_mp_ritualfount
D:3:      layout_loops_corners, eat_drink_and_be_merry_uskayaw,
          overflow_temple_1_default, serial_shops, nicolae_shop_trees

Skill      XL: |  1  2  3  4  5 |
---------------+----------------+-----
Fighting       | 3 |  3.5
Spellcasting   | 1 2 |  2.0
Shapeshifting  | 1 |  1.8
Dodging        | |  2.4
Unarmed Combat | |  3.8

Action                     |  1- 3 |  4- 6 || total
---------------------------+-------+-------++-------
  Melee: Unarmed           |   102 |    46 ||   148
         Bite              |    33 |    30 ||    63
         Dagger            |       |    30 ||    30
         Punch             |       |     2 ||     2
 Armour: Robe              |    15 |    15 ||    30
  Dodge: Dodged            |    44 |    44 ||    88
   Form: Beast             |     1 |       ||     1

Table legend: (Time is in decaauts)
 A = Elapsed time spent in this place.
 B = Non-inter-level travel time spent in this place.
 C = Inter-level travel time spent in this place.
 D = Time resting spent in this place.
 E = Time spent auto-exploring this place.
 F = Levels seen in this place.
 G = Mean time per level.
                   A        B        C        D        E       F      G
               +--------+--------+--------+--------+--------+-----+--------+
         Total |   2422 |   2355 |     67 |     39 |   1908 |   3 |  807.3 |
       Dungeon |   2422 |   2355 |     67 |     39 |   1908 |   3 |  807.3 |
               +--------+--------+--------+--------+--------+-----+--------+

Top non-repeatable levels by time:
     D:1: 1009 daAuts
     D:2: 916 daAuts
     D:3: 496 daAuts
